AoeStats
← E-d-d-i-e91G

Arabia

503346910Analyzed
2v2 RM · 1mo ago on Aug 31, 2026· 35m 26s· 4 players
Game mode
Random Map
Map size
Medium (4 player)
Population
200
Speed
Normal
Resources
Standard
Victory
Conquest
Starting age
Dark Age
Ending age
Imperial Age
RankedLock teamsTeams togetherTeam positionsShared explorationLock speedFull tech treeHidden civsTurbo modeCheats
Victory
Defeat
🇪🇸 Romans · Spain
795
+17
🇪🇸 Byzantines · Spain
780
+18
🇦🇺 Spanish · Australia
820
-42
🇦🇺 Goths · Australia
820
-42
aniolcastellsc
11:59 Feudal Age
12:24 Double-Bit Axe
12:21 Horse Collar
12:32 Gold Mining
14:11 Wheelbarrow
13:23 Loom
14:51 Stone Mining
14:28 Man-at-Arms
24:03 Castle Age
22:15 Scale Mail Armor
22:26 Forging
22:08 Fletching
23:22 Scale Barding Armor
23:24 Arson
25:50 Chain Mail Armor
25:42 Heavy Plow
26:24 Caravan
27:30 Gold Shaft Mining
26:37 Long Swordsman
28:49 Gambesons
29:05 Squires
29:11 Squires
29:50 Iron Casting
30:10 Hand Cart
34:24 Coinage
37:01 Imperial Age
pinkylee
7:55 Loom
9:47 Feudal Age
8:03 Loom
10:38 Double-Bit Axe
10:34 Horse Collar
13:32 Man-at-Arms
17:04 Scale Mail Armor
17:15 Forging
19:50 Town Watch
23:20 Castle Age
24:33 Bow Saw
24:40 Chain Mail Armor
25:01 Iron Casting
23:48 Long Swordsman
24:28 Squires
27:05 Heavy Plow
27:32 Gold Mining
27:33 Stone Mining
35:11 Imperial Age
34:20 Gold Shaft Mining
E-d-d-i-e91G
15:56 Feudal Age
17:13 Horse Collar
21:09 Man-at-Arms
24:48 Town Watch
25:39 Wheelbarrow
27:57 Fletching
IAMASTROMAN9714
12:43 Feudal Age
15:41 Double-Bit Axe
Connection lost

Rejoining the realm…

Still unreachable

The connection could not be restored.

Session expired

The server has moved on; the page needs a fresh start.